 Dungeon Crawl Stone Soup version 0.28.0 (webtiles) character file.

Game seed: 195101855176535639

3149 mandarbmax the Slicer (level 10, -1/50 HPs)
             Began as a Kobold Enchanter on Feb 13, 2022.
             Was a Follower of Wu Jian.
             Succumbed to GrayStillPlays's ghost's poison
             ... on level 7 of the Dungeon.
             The game lasted 00:21:06 (8655 turns).

mandarbmax the Slicer (Kobold Enchanter)            Turns: 8655, Time: 00:21:06

Health: -1/50      AC:  4    Str: 14    XL:     10   Next: 15%
Magic:  10/13      EV: 19    Int: 16    God:    Wu Jian [*.....]
Gold:   388        SH:  0    Dex: 18    Spells: 5/13 levels left

rFire   . . .      SeeInvis .   q - +3 rapier (venom)
rCold   + . .      Faith    .   (no shield)
rNeg    . . .      Spirit   .   p - +0 leather armour {rC+}
rPois   .          Reflect  .   (no helmet)
rElec   .          Harm     .   (no cloak)
rCorr   .          Rampage  .   k - +0 pair of gloves
Will    .....                   (no boots)
Stlth   +++++.....              (no amulet)
HPRegen 0.16/turn               h - +6 ring of strength
MPRegen 0.13/turn               (no ring)

@: lethally poisoned (-1 -> -42), confusing by touch, about to teleport
A: small, no large weapons, nightstalker 3
a: Renounce Religion


You were on level 7 of the Dungeon.
You worshipped Wu Jian.
Wu Jian was aware of your devotion.
You visited 2 branches of the dungeon, and saw 8 of its levels.

You collected 388 gold pieces.

Inventory:

Hand Weapons
 q - a +3 rapier of venom (weapon)
Missiles
 j - 12 atropa-tipped darts (quivered)
 x - 11 poisoned darts
 F - 2 throwing nets
Armour
 c - a +2 kite shield
 k - a +0 pair of gloves (worn)
 p - a +0 leather armour of cold resistance (worn)
 A - an orb of light
 E - a +2 ring mail
Jewellery
 h - a +6 ring of strength (left hand)
 D - a ring of flight
Wands
 f - a wand of iceblast (11)
 n - a wand of flame (7)
 z - a wand of mindburst (16)
 G - a wand of polymorph (9)
Scrolls
 b - a scroll of vulnerability {unknown}
 g - a scroll of torment
 m - 3 scrolls of immolation
 t - a scroll of blinking {unknown}
 u - a scroll of summoning {unknown}
 y - a scroll of holy word {unknown}
 C - a scroll of acquirement {unknown}
Potions
 a - 2 potions of lignification {unknown}
 d - a potion of attraction {unknown}
 e - 2 potions of haste {unknown}
 i - 3 potions of heal wounds {unknown}
 o - a potion of magic
 r - a potion of flight {unknown}
 s - a potion of might {unknown}
 v - a potion of curing
 w - a potion of brilliance {unknown}
 B - a potion of cancellation {unknown}


   Skills:
 * Level 11.6 Short Blades
 + Level 5.9 Throwing
 + Level 7.8 Dodging
 + Level 9.0 Stealth
 - Level 2.1 Spellcasting
 + Level 3.3 Hexes


You had 5 spell levels left.
You knew the following spells:

 Your Spells              Type           Power      Damage    Failure   Level
a - Ensorcelled Hibernat  Hex/Ice        14%        N/A       21%         2
b - Confusing Touch       Hex            12%        N/A       21%         3
c - Tukima's Dance        Hex            12%        N/A       21%         3

Your spell library contained the following spells:

 Spells                   Type           Power      Damage    Failure   Level
 Sting                    Tmut/Pois      4%         1d3       26%         1
 Corpse Rot               Necr/Air       2%         N/A       36%         2
 Poisonous Vapours        Pois/Air       2%         N/A       36%         2
 Dazzling Flash           Conj/Hex       14%        N/A       36%         3
 Dispel Undead            Necr           1%         3d6       95%         4
 Olgreb's Toxic Radiance  Pois           1%         N/A       95%         4
 Death Channel            Necr           0%         N/A       100%        6
 Ozocubu's Refrigeration  Ice            0%         4d5       100%        7
 Ignition                 Fire           0%         3d3       100%        8


Dungeon Overview and Level Annotations

Branches:
Dungeon (7/15)             Temple (1/1) D:4

Altars:
Ashenzari
Dithmenos
Fedhas
Kikubaaqudgha
Nemelex Xobeh
Okawaru
Qazlal
Uskayaw
Vehumet
Wu Jian

Shops:
D:2 (

Annotations:
D:7 1 transporter, GrayStillPlays's ghost, novice VSFi


Innate Abilities, Weirdness & Mutations

You are small and have problems with some larger weapons.
You are completely attuned to the shadows.


Message History

You start resting.
Magic restored.
You start resting.
HP restored.
There is a transporter here.
Okay, then.
Okay, then.
Okay, then.
Okay, then.
You enter the transporter and appear at another place.
GrayStillPlays's ghost whispers, "You will understand me better in a moment."
Casting: Confusing Touch (dangerous; 21% risk of failure)
Confirm with . or Enter, or press ? or * to list all spells.
You can't see any susceptible monsters within range! (Use Z to cast anyway.)
Casting: Confusing Touch (dangerous; 21% risk of failure)
Confirm with . or Enter, or press ? or * to list all spells.
Your hands begin to glow red.
GrayStillPlays's ghost hits you!
You are poisoned.
Unknown command.
You hit GrayStillPlays's ghost but do no damage.
You feel very sick.
You hit GrayStillPlays's ghost but do no damage.
You feel very sick. GrayStillPlays's ghost hits you.
You are more poisoned.
You hit GrayStillPlays's ghost but do no damage.
You feel very sick.
As you read the scroll of teleportation, it crumbles to dust.
You feel strangely unstable.
You feel very sick. GrayStillPlays's ghost hits you.
You are lethally poisoned!
You hit GrayStillPlays's ghost but do no damage.
* * * LOW HITPOINT WARNING * * *
You feel very sick. GrayStillPlays's ghost hits you!
* * * LOW HITPOINT WARNING * * *
You are more poisoned.
Unknown command.
You die...

#.≈≈##W###.### ##≈≈.# #
#.≈≈#)gg..... .#≈≈.# #
#.≈≈###.##'##.###≈≈.## #
#.≈≈..#.#...#.#..≈≈..# #
#.≈≈.##.#...#.##.≈≈..# #
#.≈≈.#©.#.:.#..#.≈≈.<# #
#.≈≈.##.#####.##.≈≈..# #
#.≈≈..#.#8⌠8#g#......#####
#.≈≈.©#.)@©W'.#©........##
#.≈≈..#.#...#.#...........
###.≈≈.##.##.##.##.≈≈.......
#...≈≈.#.)#...#..#.≈≈.###.##
#.#÷≈≈.##.'.).'.##.≈≈.###.##
#...≈≈..#.#...#.#..≈≈.#.....
#...≈≈###.##'##.###≈≈.#.....
#.#.≈≈#...........#≈≈.#.....
#.#.≈≈##.###)###.##≈≈.#.....


You could see a gnoll shaman (wandering) and GrayStillPlays's ghost.

Vanquished Creatures
  A two-headed ogre (D:6)
  Eustachio (D:4)
  A steam dragon (D:6)
  2 water moccasins
  2 black bears
  An ice beast (D:7)
  2 ogres
  A centaur (D:7)
  A bullfrog (D:4)
  4 gnoll sergeants (D:7)
  3 scorpions
  A wyvern skeleton (D:7)
  3 wights (D:6)
  A centaur zombie (D:6)
  3 gnoll shamans
  A centaur skeleton (D:6)
  An orc priest (D:7)
  3 hounds
  3 jellies
  Ijyb (D:4)
  An iguana (D:4)
  2 orc wizards (D:6)
  23 gnolls
  7 adders
  A shadow imp (D:7)
  An ufetubus (D:5)
  An adder skeleton (D:4)
  A dart slug (D:1)
  12 orcs
  5 endoplasms
  3 giant cockroaches
  8 goblins
  3 hobgoblins
  6 jackals
  3 quokkas
  9 ball pythons
  3 bats (D:1)
  3 frilled lizards (D:2)
  5 kobolds
  5 rats
138 creatures vanquished.

Vanquished Creatures (collateral kills)
  2 wights (D:6)
2 creatures vanquished.

Vanquished Creatures (others)
  A dancing weapon (D:4)
  6 plants (D:7)
7 creatures vanquished.

Grand Total: 147 creatures vanquished

Notes
Turn   | Place    | Note
-------+----------+-------------------------------------------
     0 | D:1      | mandarbmax the Kobold Enchanter began the quest for the
                  | Orb.
     0 | D:1      | Reached XP level 1. HP: 10/10 MP: 3/3
    99 | D:1      | Reached skill level 2 in Short Blades
   130 | D:1      | Reached XP level 2. HP: 15/15 MP: 5/5
   688 | D:1      | Found a faded altar of an unknown god.
   775 | D:1      | Reached skill level 3 in Short Blades
   815 | D:1      | Reached XP level 3. HP: 19/19 MP: 6/6
  1619 | D:2      | Found Zoepp's Weapon Shoppe.
  2074 | D:3      | Found a blossoming altar of Fedhas.
  2827 | D:3      | Noticed an ogre
  2850 | D:3      | Killed an ogre
  2851 | D:3      | Reached skill level 5 in Short Blades
  2851 | D:3      | Reached XP level 4. HP: 10/24 MP: 7/7
  2851 | D:3      | Reached XP level 5. HP: 12/28 MP: 8/8
  3368 | D:3      | Learned a level 2 spell: Ensorcelled Hibernation
  3372 | D:3      | Learned a level 3 spell: Confusing Touch
  3376 | D:3      | Learned a level 3 spell: Tukima's Dance
  3631 | D:4      | Reached skill level 1 in Throwing
  3631 | D:4      | Reached XP level 6. HP: 32/32 MP: 9/9
  3730 | D:4      | Reached skill level 6 in Short Blades
  3998 | D:4      | Noticed a black bear
  4002 | D:4      | Killed a black bear
  4078 | D:4      | Reached XP level 7. HP: 36/36 MP: 10/10
  4081 | D:4      | Reached skill level 5 in Stealth
  4136 | D:4      | Noticed Eustachio
  4662 | D:4      | Killed Eustachio
  4663 | D:4      | Reached skill level 7 in Short Blades
  4663 | D:4      | Reached skill level 5 in Dodging
  4774 | D:4      | Noticed Ijyb
  4778 | D:4      | Killed Ijyb
  4845 | D:4      | Identified the +3 mace "Otryfucwo" {vamp, Fly rN+ rCorr}
  5012 | D:4      | Found a staircase to the Ecumenical Temple.
  5194 | Temple   | Entered the Ecumenical Temple
  5251 | Temple   | Became a worshipper of the Wu Jian Council
  5429 | D:5      | Entered Level 5 of the Dungeon
  5437 | D:5      | Reached XP level 8. HP: 41/41 MP: 11/11
  5567 | D:5      | Reached skill level 8 in Short Blades
  6020 | D:5      | Found an iron altar of Okawaru.
  6518 | D:6      | Reached skill level 9 in Short Blades
  6604 | D:6      | Reached XP level 9. HP: 44/45 MP: 6/12
  6925 | D:6      | Noticed a two-headed ogre
  6928 | D:6      | Killed a two-headed ogre
  6929 | D:6      | Reached skill level 10 in Short Blades
  6929 | D:6      | Reached skill level 5 in Throwing
  7210 | D:7      | Found a transporter.
  7676 | D:7      | Reached * piety under Wu Jian
  7814 | D:7      | Reached skill level 11 in Short Blades
  8062 | D:7      | Reached XP level 10. HP: 50/50 MP: 6/13
  8228 | D:7      | Identified the +8 trident of the Purple Skies {venom, rN++
                  | Will+}
  8297 | D:7      | Identified the ring "Yfuwinib" {rF+ SInv}
  8315 | D:7      | Found a transporter.
  8447 | D:7      | Noticed GrayStillPlays's ghost (novice VSFi)
  8655 | D:7      | Succumbed to GrayStillPlays's ghost's poison

Illustrated notes

Levels and vault maps discovered:
D:1:      tarquinn_simple_flora_water_a, layout_basic,
          ebering_ecumenical_altar_ruins,
          nicolae_concentric_dashed_squares_wild, st_stairs_8
D:2:      layout_loops_ring, serial_shops, nicolae_shop_behind_doors,
          minmay_domino_4
D:3:      layout_loops_cross, mainiacjoe_overflow_six_doors_small,
          serial_bayou_pond_d
D:4:      layout_cave_pods, temple_hall, uniq_ijyb, uniq_eustachio
D:5:      layout_basic, mainiacjoe_overflow_boulevard
D:6:      layout_cave_pools
D:7:      layout_loops_ring, gammafunk_ghost_gnarly_gnolls
Temple:   minmay_crystal_spiral_temple

Skill      XL: |  1  2  3  4  5  6  7  8  9 10 |
---------------+-------------------------------+-----
Short Blades   | 2 3 5 6 7 9 11 | 11.6
Dodging        | 3 4 5 6 7 |  7.8
Throwing       | 1 3 4 5 |  5.9
Stealth        | 5 7 8 9 |  9.0
Spellcasting   | |  2.1
Hexes          | |  3.3

Action                   |  1- 3 |  4- 6 |  7- 9 | 10-12 || total
-------------------------+-------+-------+-------+-------++-------
Melee: Dagger            |   168 |    65 |    19 |       ||   252
       Punch             |       |     1 |     3 |     1 ||     5
       Rapier            |       |       |   146 |    47 ||   193
Throw: Dart              |     3 |       |     2 |       ||     5
 Cast: Confusing Touch   |       |     3 |     1 |     2 ||     6
       Ensorcelled Hiber |       |     2 |    21 |       ||    23
       Tukima's Dance    |       |     1 |     6 |       ||     7
Invok: Lunge             |       |       |    27 |    10 ||    37
       Whirlwind         |       |       |       |     8 ||     8
  Use: Scroll            |       |       |    10 |     2 ||    12
       Potion            |       |       |     2 |     1 ||     3
 Stab: Sleeping          |    21 |     7 |    35 |     4 ||    67
       Confused          |       |     2 |     1 |       ||     3
       Invisible         |       |       |     3 |     8 ||    11
       Distracted        |       |       |     4 |       ||     4
Armor: Robe              |    26 |     4 |       |       ||    30
       Leather armour    |       |       |    11 |     2 ||    13
Dodge: Dodged            |   130 |    34 |    98 |    13 ||   275
